 Dungeon Crawl Stone Soup version 0.31.0-11-ge490571c62 (webtiles) character file.

Game seed: 7925134557410276568

502390 Turgor the Skinwalker (level 23, -3/255 HPs)
             Began as a Troll Shapeshifter on Jan 31, 2024.
             Was the Champion of Jiyva.
             Slain by a tengu reaver
             ... wielding a +2 great sword
              (6 damage)
             ... on level 5 of the Vaults on Feb 2, 2024.
             The game lasted 05:25:20 (45592 turns).

Turgor the Skinwalker (Troll Shapeshifter)         Turns: 45592, Time: 05:25:20

Health: -3/255     AC: 31    Str: 41    XL:     23   Next: 61%
Magic:  22/22      EV:  8    Int: 11    God:    Jiyva [******]
Gold:   1722       SH:  0    Dex:  5    Spells: 12/22 levels left

rFire   + +          .
                       - Unarmed
rCold   + + +        (shield currently unavailable)
rNeg    + + +        N - +8 fire dragon scales
rPois   +            n - +2 hat
rElec   +            B - +3 cloak "Icalidd" {rN+ Regen+}
rCorr   +            (gloves unavailable)
SInv    +            (boots unavailable)
Will    +....        Z - amulet of Gozag's Esteem {Faith rF+ rN+ Regen+}
Stlth   +            X - ring of Semahe {rC+++ rN++ Str+6 Dex-4}
HPRegen 5.42/turn    r - ring "Lisim" {Ice rElec rPois Stlth+}
MPRegen 0.98/turn

%: faith
@: about to teleport, blade hands, constricted, studying 3 skills
A: large, unfitting armour, (claws 3), regeneration 2, shaggy fur 1, tough skin
1, antennae 1, iridescent scales 1, see invisible, clever 1, sense surroundings
1, poison resistance, robust 1, strong 1, wild magic 3, evolution 1, sturdy
frame 3
}: 3/15 runes: decaying, serpentine, slimy
a: Begin Untransformation, Renounce Religion, Oozemancy, Slimify


You were on level 5 of the Vaults.
You worshipped Jiyva.
Jiyva was exalted by your worship.
You had blades for hands.
You visited 10 branches of the dungeon, and saw 48 of its levels.
You visited the Abyss 4 times.
You visited 1 bazaar.
You also visited: Trove and Desolation.

You collected 10757 gold pieces.
You spent 6682 gold pieces at shops.
You paid 2353 gold pieces to Gozag.

Inventory:

Hand Weapons
 P - a +5 vampiric eveningstar
Missiles
 m - 9 javelins
 p - 36 large rocks
 J - 4 curare-tipped darts
Armour
 n - a +2 hat (worn)
 t - a +1 kite shield of reflection
 B - the +3 cloak "Icalidd" (worn) {rN+ Regen+}
   (You acquired it on level 7 of the Dungeon)

   rN+:       It protects you from negative energy.
   Regen+:    It increases your rate of health regeneration.
 E - +0 gold dragon scales
 M - a +2 tower shield
 N - +8 fire dragon scales (worn)
Jewellery
 d - the necklace of Bloodlust {Fury *Rage Will++ Int-3 Slay+6}
   (You bought it in a shop in a bazaar)

   [amulet of nothing]

   Fury:      It extends the wearer's berserk rage when killing foes.
   Int-3:     It affects your intelligence (-3).
   Slay+6:    It affects your accuracy & damage with ranged weapons and melee
   (+6).
   Will++:    It greatly increases your willpower.
   *Rage:     It berserks you when you make melee attacks (+50% chance).
 f - a ring of protection from fire
 i - a ring of flight
 r - the ring "Lisim" (right blade hand) {Ice rElec rPois Stlth+}
   (You found it in the Desolation of Salt)

   [ring of ice]

   Ice:       It enhances your ice magic.
   rF-:       It makes you vulnerable to fire.
   rC+:       It protects you from cold.
   rElec:     It insulates you from electricity.
   rPois:     It protects you from poison Stlth+: It makes you more stealthy.
 X - the ring of Semahe (left blade hand) {rC+++ rN++ Str+6 Dex-4}
   (You took it off a deep elf blademaster on level 3 of the Elven Halls)

   [ring of strength]

   Str+6:     It affects your strength (+6).
   Dex-4:     It affects your dexterity (-4).
   rC+++:     It renders you almost immune to cold.
   rN++:      It greatly protects you from negative energy.
 Z - the amulet of Gozag's Esteem (around neck) {Faith rF+ rN+ Regen+}
   (You bought it in a shop on level 1 of the Orcish Mines)

   [amulet of faith]

   Faith:     It allows you to gain divine favour quickly.
   rF+:       It protects you from fire.
   rN+:       It protects you from negative energy.
   Regen+:    It increases your rate of health regeneration.
Talismans
 s - a talisman of death
 Q - a dragon-blood talisman
 S - a blade talisman (active)
Wands
 c - a wand of polymorph (4)
 k - a wand of digging (4)
 l - a wand of quicksilver (23)
 o - a wand of roots (21)
 q - a wand of flame (50) (quivered)
 I - a wand of charming (18)
 L - a wand of mindburst (27)
Scrolls
 g - 2 scrolls of revelation
 h - 6 scrolls of teleportation
 u - a scroll of fear
 v - 5 scrolls of blinking
 y - 5 scrolls of poison
 A - 5 scrolls of amnesia
 K - 5 scrolls of silence
 O - 2 scrolls of summoning
 R - 4 scrolls of fog
Potions
 a - 3 potions of berserk rage
 b - 2 potions of might
 e - 5 potions of brilliance
 j - 14 potions of curing
 x - 4 potions of enlightenment
 z - 4 potions of heal wounds
 C - 9 potions of mutation
 D - 2 potions of cancellation
 F - 2 potions of magic
 G - 2 potions of haste
 H - 3 potions of resistance
 W - a potion of attraction
Miscellaneous
 w - a tin of tremorstones (inert)
 T - a phantom mirror
 U - a phial of floods
 V - a lightning rod (4/4)
 Y - a sack of spiders


   Skills:
 - Level 14.3 Fighting
 - Level 8.0 Throwing
 - Level 14.3 Armour
 - Level 14.1 Dodging
 - Level 6.0 Shields
 - Level 18.0 Unarmed Combat
 - Level 10.0 Evocations
 * Level 22.7 Shapeshifting


You had 12 spell levels left.
You knew the following spells:

 Your Spells              Type           Power      Damage    Failure   Level
a - Manifold Assault      Tloc           0%         N/A       99%         4
b - Blink                 Tloc           0%         N/A       75%         2
c - Passage of Golubria   Tloc           0%         N/A       99%         4

Your spell library contained the following spells:

 Spells                   Type           Power      Damage    Failure   Level
 Foxfire                  Conj/Fire      0%         2x1d4     63%         1
 Kiss of Death            Conj/Necr      0%         2d5       63%         1
 Magic Dart               Conj           0%         1d3       63%         1
 Necrotise                Necr           0%         1d4       63%         1
 Shock                    Conj/Air       0%         1d3       63%         1
 Slow                     Hex            0%         N/A       63%         1
 Sting                    Conj/Alch      0%         1d3       63%         1
 Summon Small Mammal      Summ           0%         N/A       63%         1
 Cigotuvi's Dreadful Rot  Necr/Alch/Air  0%         N/A       75%         2
 Ensorcelled Hibernation  Hex/Ice        0%         N/A       75%         2
 Jinxbite                 Hex            0%         N/A       75%         2
 Mercury Vapours          Alch/Air       0%         N/A       75%         2
 Momentum Strike          Conj/Tloc      0%         3d8       75%         2
 Scorch                   Fire           0%         2d5       75%         2
 Searing Ray              Conj           0%         2d4       75%         2
 Static Discharge         Conj/Air       0%         3-3/arc   75%         2
 Sublimation of Blood     Necr           0%         N/A       75%         2
 Call Canine Familiar     Summ           0%         N/A       91%         3
 Confusing Touch          Hex            0%         N/A       91%         3
 Dazzling Flash           Conj/Hex       0%         N/A       91%         3
 Fugue of the Fallen      Necr           0%         N/A       91%         3
 Gell's Gravitas          Tloc           0%         N/A       91%         3
 Hailstorm                Conj/Ice       0%         3d5       91%         3
 Inner Flame              Hex/Fire       0%         N/A       91%         3
 Mephitic Cloud           Conj/Alch/Air  0%         N/A       91%         3
 Ozocubu's Armour         Ice            0%         N/A       91%         3
 Sigil of Binding         Hex            0%         N/A       91%         3
 Summon Ice Beast         Ice/Summ       0%         N/A       91%         3
 Teleport Other           Tloc           0%         N/A       91%         3
 Tukima's Dance           Hex            0%         N/A       91%         3
 Vampiric Draining        Necr           0%         2d6       91%         3
 Volatile Blastmotes      Fire/Tloc      0%         2d10      91%         3
 Anguish                  Hex/Necr       0%         N/A       99%         4
 Animate Armour           Summ/Erth      0%         N/A       99%         4
 Animate Dead             Necr           0%         N/A       99%         4
 Cause Fear               Hex            0%         N/A       99%         4
 Dimensional Bullseye     Hex/Tloc       0%         N/A       99%         4
 Dispel Undead            Necr           0%         3d6       99%         4
 Fulminant Prism          Conj/Alch      0%         3d5       99%         4
 Ignite Poison            Fire/Alch      0%         N/A       99%         4
 Iskenderun's Mystic Bla  Conj/Tloc      0%         2d3       99%         4
 Martyr's Knell           Necr/Summ      0%         N/A       99%         4
 Olgreb's Toxic Radiance  Alch           0%         N/A       99%         4
 Petrify                  Alch/Erth      0%         N/A       99%         4
 Sticky Flame             Fire/Alch      0%         2d4       99%         4
 Summon Blazeheart Golem  Fire/Summ      0%         N/A       99%         4
 Summon Lightning Spire   Summ/Air       0%         N/A       99%         4
 Vhi's Electric Charge    Tloc/Air       0%         N/A       99%         4
 Arcjolt                  Conj/Air       0%         1d10      100%        5
 Curse of Agony           Necr           0%         N/A       100%        5
 Fireball                 Conj/Fire      0%         3d3       100%        5
 Freezing Cloud           Conj/Ice/Air   0%         6-21      100%        5
 Iskenderun's Battlesphe  Conj           0%         2d6       100%        5
 Lee's Rapid Deconstruct  Erth           0%         3d4*      100%        5
 Metabolic Englaciation   Hex/Ice        0%         N/A       100%        5
 Silence                  Hex/Air        0%         N/A       100%        5
 Summon Forest            Summ/Tloc      0%         N/A       100%        5
 Summon Mana Viper        Hex/Summ       0%         N/A       100%        5
 Yara's Violent Unravell  Hex/Alch       0%         3d3       100%        5
 Bombard                  Conj/Erth      0%         9d1       100%        6
 Conjure Ball Lightning   Conj/Air       0%         3x3d6     100%        6
 Death Channel            Necr           0%         N/A       100%        6
 Dispersal                Tloc           0%         N/A       100%        6
 Eringya's Noxious Bog    Alch           0%         4d6       100%        6
 Plasma Beam              Fire/Air       0%         2x1d10    100%        6
 Sculpt Simulacrum        Ice/Alch       0%         N/A       100%        6
 Summon Cactus Giant      Summ           0%         N/A       100%        6
 Enfeeble                 Hex            0%         N/A       100%        7
 Monstrous Menagerie      Summ           0%         N/A       100%        7
 Ozocubu's Refrigeration  Ice            0%         4d7       100%        7
 Spellforged Servitor     Conj/Summ      0%         N/A       100%        7
 Borgnjor's Revivificati  Necr           0%         N/A       100%        8
 Disjunction              Tloc           0%         N/A       100%        8
 Ignition                 Fire           0%         3d3       100%        8
 Infestation              Necr           0%         N/A       100%        8
 Lehudib's Crystal Spear  Conj/Erth      0%         10d2      100%        8
 Chain Lightning          Conj/Air       0%         N/A       100%        9
 Death's Door             Necr           0%         N/A       100%        9
 Polar Vortex             Ice            0%         N/A       100%        9


Dungeon Overview and Level Annotations

Branches:
Dungeon (15/15)            Temple (1/1) D:4            Lair (5/5) D:8
  Swamp (4/4) Lair:3        Snake (4/4) Lair:2        Slime (5/5) Lair:5
    Orc (2/2) D:11            Elf (3/3) Orc:2        Vaults (5/5) D:14
  Crypt (0/3) Vaults:3     Depths (4/4) D:15            Zot (0/5) Depths:4
Desolation (visited)

Altars:
Ashenzari
Cheibriados
Dithmenos
Elyvilon
Fedhas
Gozag
Hepliaklqana
Kikubaaqudgha
Makhleb
Nemelex Xobeh
Okawaru
Qazlal
Ru
Sif Muna
Trog
Uskayaw
Vehumet
Wu Jian
Xom
Yredelemnul
Zin
The Shining One
Jiyva

Shops:
D:1 [   D:3 *   D:7 (   D:10 [   Orc:1 *=[*   Orc:2 ([(*[   Snake:1 [
Snake:3 =   Vaults:2 [   Vaults:4 [   Depths:1 [   Depths:2 [[?   Depths:3 *
Depths:4 =::

Portals:
Hell: Depths:1 Depths:2 Depths:3 Depths:4
Abyss: Depths:2 Depths:3 Depths:4
Pandemonium: Depths:2
Ziggurat: Depths:3

Annotations:
Snake:1 3 runed translucent doors, Killmatronix's ghost, adept SpBe
Snake:4 3 runed translucent doors, Vorhees's ghost, adept DjEE
Slime:5 Royal Jelly


Innate Abilities, Weirdness & Mutations

You have blades for hands.
You are incapable of wielding weapons or throwing items.
You are too large for most types of armour.
((You have claws for hands.))
You heal very quickly.
You are covered in fur. (AC +1)
You have tough skin. (AC +1)
You have a pair of small antennae on your head.
You are partially covered in iridescent scales. (AC +2)
You have supernaturally acute eyesight. (SInv)
Your mind is acute. (Int +4, Str/Dex -1)
You passively map a small area around you.
Your system is resistant to poisons. (rPois)
You are robust. (+10% HP)
Your muscles are strong. (Str +4, Int/Dex -1)
Your spells are much harder to cast, but much more powerful.
You have hidden genetic potential.
Your movements are significantly less encumbered by armour. (ER -6)


Message History

The vault guard hits you with a +0 dire flail.
The tengu reaver points at you and mumbles some strange words.
The bolt of negative energy misses you.
Unknown command.
Unknown command.
You barely miss the ironbound convoker.
The ironbound convoker is almost dead.
The ironbound convoker points at something and mumbles some strange words.
The tentacled monstrosity tentacle-slaps you!
The tentacled monstrosity tentacle-slaps you.
The tentacled monstrosity tentacle-slaps you but does no damage.
The tentacled monstrosity grabs you.
The tentacled monstrosity constricts you.
The vault guard hits you with a +3 great mace!
The vault guard hits you with a +0 dire flail!
* * * LOW HITPOINT WARNING * * *
The titan misses you.
The tengu reaver hits you with a +2 great sword!!
* * * LOW HITPOINT WARNING * * *
The tengu reaver pecks you but does no damage.
The tengu reaver claws you but does no damage.
Unknown command.
You shred the ironbound convoker!!!
You kill the ironbound convoker!
The yaktaur captain unwields a +3 rapier.
The yaktaur captain wields a +0 arbalest.
The yaktaur captain shoots a bolt.
The bolt hits you!!
* * * LOW HITPOINT WARNING * * *
The tentacled monstrosity completely misses you.
The tentacled monstrosity tentacle-slaps you.
* * * LOW HITPOINT WARNING * * *
The tentacled monstrosity tentacle-slaps you but does no damage.
The tentacled monstrosity constricts you.
* * * LOW HITPOINT WARNING * * *
The vault guard hits you but does no damage.
The vault guard hits you with a +0 dire flail!
* * * LOW HITPOINT WARNING * * *
The titan barely misses you. The tengu reaver barely misses you.
The tengu reaver pecks you.
You die...

#..#. * * #..#.#**
#..#.. *, * #.....
,,
#....##############
*
#...).†.)..........
#....p).[).........
#...QCp.)).).......
#...X@pp.).........
#...p##############
* #............,, ,
#..#c........ ,
#..#####....# , ,
#..* QL!# , * #., ,
,...* , * #. * ,..
, ,, ,X


You could see a tentacled monstrosity (strong), a titan, a tengu reaver (repels
missiles), a yaktaur captain (strong) and 5 vault guards.

Vanquished Creatures
  A dread lich (Vaults:5)
  2 ancient liches (Abyss:3)
  Mara (Snake:3)
  Bai Suzhen (Snake:3)
  Vashnia (Snake:2)
  Saint Roka (Orc:2)
  Boris (twice) (Depths:1 Depths:4)
  3 golden dragons
  A caustic shrike (Depths:2)
  Margery (Depths:4)
  Jory (Depths:3)
  A profane servitor (Abyss:3)
  4 bone dragons
  3 doom hounds (Depths:2)
  A hellephant (Depths:4)
  4 Tzitzimimeh (Depths:2)
  Mlioglotl (Swamp:3)
  2 tentacled monstrosities (Depths:2)
  Grunn (Depths:2)
  5 liches
  A deep elf master archer (Elf:3)
  The ghost of flestrin the Metamorph, an adept MfSh of Gozag (Snake:3)
  4 deep elf blademasters (Elf:3)
  A quicksilver dragon (Abyss:3)
  An eldritch tentacle (Vaults:3)
  9 sphinxes
  4 tentacled starspawn (Abyss:3)
  6 nagarajas
  2 shadow dragons
  A storm dragon (Depths:4)
  2 tengu reavers
  9 fire giants
  10 deep elf sorcerers
  5 frost giants
  Louise (Snake:3)
  An imperial myrmidon (Desolation)
  17 vault wardens
  A balrug (Depths:3)
  4 deep elf elementalists (Elf:3)
  3 ghouls (Swamp:1)
  3 spriggan defenders (Depths:4)
  7 ironbound thunderhulks
  A draconian stormcaller (Depths:4)
  A draconian annihilator (Depths:4)
  9 very ugly things
  7 stone giants
  2 grey draconians (Depths:4)
  12 ironbound preservers
  2 juggernaut skeletons (Vaults:3)
  3 vampire knights
  4 deep elf demonologists (Elf:3)
  2 black draconians (Depths:4)
  7 eleionomae
  6 deep elf death magi
  A putrid mouth (Depths:2)
  7 deep elf annihilators
  10 dire elephants
  4 spark wasps (Depths:2)
  A halazid warlock (Desolation)
  2 war gargoyles (Vaults:2)
  3 bunyips
  2 yellow draconians (Depths:4)
  2 white draconians (Depths:4)
  A blizzard demon (Abyss:3)
  4 crystal guardians
  An eidolon (Vaults:3)
  8 ettins
  A green death (Depths:2)
  7 fire dragons
  2 shambling mangroves
  A quicksilver dragon skeleton (Vaults:3)
  11 deep elf high priests
  11 ragged hierophants
  3 entropy weavers
  6 servants of whispers (Desolation)
  11 vault guards
  12 yaktaur captains
  4 peacekeepers
  12 hydras
  14 anacondas
  2 ice dragons (Depths:4)
  4 ironbound frosthearts
  2 rakshasas
  4 ogre magi
  5 ghost crabs
  A spriggan air mage (Depths:3)
  3 salamander tyrants (Snake:4)
  11 centaur warriors
  3 two-headed ogres
  2 catoblepae (D:14)
  6 boulder beetles
  9 alligators
  A merfolk avatar (Lair:5)
  20 naga warriors
  6 deep troll shamans
  22 dancing weapons
  8 tengu warriors
  6 thrashing horrors (Abyss:3)
  3 orc high priests
  4 deep troll earth magi (Depths:2)
  3 occultists
  18 naga sharpshooters
  12 shock serpents
  2 spriggan berserkers
  A sun demon (Depths:3)
  A spectral bunyip (Swamp:4)
  15 deep elf knights
  A skeletal warrior (Vaults:3)
  5 hell knights
  A skyshark (Lair:4)
  2 wretched stars
  A bunyip zombie (Swamp:3)
  5 salamander mystics
  5 iron trolls
  Amaemon (D:8)
  3 fire crabs
  5 goliath frogs
  6 spriggan druids
  A quicksilver dragon simulacrum (Vaults:3)
  31 deep trolls
  14 bog bodies
  11 mana vipers
  5 deep elf archers
  7 swamp dragons
  4 spectral hydras (Swamp:4)
  5 arcanists
  6 phantasmal warriors
  4 naga ritualists
  9 lindwurms
  A flayed ghost (Depths:4)
  A sun moth (Vaults:3)
  3 necromancers
  2 spectral alligators (Swamp:4)
  13 large abominations
  5 harpies
  35 deep elf zephyrmancers
  16 ironbound convokers
  An orc knight (D:15)
  28 deep elf pyromancers
  A harpy (shapeshifter) (D:15)
  28 ugly things
  2 oklob plants (Lair:3)
  4 manticores
  A fire giant zombie (Depths:1)
  An alligator zombie (Swamp:4)
  3 orc sorcerers
  23 salamanders
  A spectral shock serpent (Snake:3)
  7 will-o-the-wisps
  A dire elephant zombie (Abyss:3)
  Maurice (D:8)
  10 elephants
  3 meliai (D:15)
  33 black mambas
  6 kobold blastminers (Orc:2)
  A rust devil (Abyss:3)
  15 vault sentinels
  A black mamba (shapeshifter) (Abyss:3)
  18 guardian serpents
  16 naga magi
  3 molten gargoyles
  2 orange demons
  2 storm dragon simulacra (Vaults:3)
  A torpor snail (Lair:4)
  10 cane toads
  7 spectral spriggans (Swamp:1)
  2 rime drakes
  2 smoke demons
  3 unseen horrors (Depths:2)
  2 freezing wraiths
  An efreet (D:14)
  2 kobold demonologists
  3 swamp worm zombies (Swamp:4)
  A bunyip simulacrum (Swamp:3)
  7 komodo dragons
  7 tengu conjurers
  19 yaktaurs
  2 ancient zymes (Abyss:3)
  A tormentor (Depths:2)
  6 hydra zombies (Swamp:4)
  4 polar bears
  2 wind drakes (Lair:5)
  5 trolls
  4 bloated husks
  34 saltlings
  8 tyrant leeches
  21 hornets
  4 dream sheep (Lair:4)
  An ettin zombie (Depths:1)
  5 raiju (Abyss:3)
  An iron dragon simulacrum (Depths:1)
  4 jumping spiders
  24 blink frogs
  A centaur simulacrum (D:15)
  2 spectral swamp dragons (Swamp:4)
  A spectral black mamba (Snake:3)
  6 slime creatures
  4 air elementals
  A jumping spider (shapeshifter) (Elf:2)
  A shock serpent simulacrum (Snake:3)
  A mana viper simulacrum (Snake:3)
  9 wyverns
  47 yaks
  25 spriggans
  3 shadows
  A ynoxinul (Abyss:3)
  2 culicivoras
  9 water elementals
  A fire elemental (Elf:2)
  2 vampires
  3 wraiths
  4 tyrant leech zombies (Swamp:4)
  A wyvern (shapeshifter) (D:12)
  5 wargs
  4 basilisks
  18 vampire mosquitoes
  7 steam dragons
  2 redbacks
  2 spatial vortices (Vaults:3)
  2 chaos spawn
  15 swamp worms
  40 nagas
  A naga (shapeshifter) (Elf:3)
  4 acid dragons
  13 water moccasins
  Edmund (D:4)
  5 swamp drakes
  3 spectral nagas (Snake:3)
  2 sky beasts (D:7)
  An ice beast (D:7)
  A swamp dragon zombie (Swamp:4)
  37 orc warriors
  6 black bears
  11 laughing skulls
  A black mamba simulacrum (Snake:3)
  8 phantoms (Swamp:4)
  11 ogres
  2 boggarts
  9 centaurs
  14 wolves
  4 kobold brigands
  12 bullfrogs
  A gnoll sergeant (D:9)
  7 small abominations
  3 earth elementals
  A scorpion (D:7)
  15 wights
  6 killer bees (D:10)
  A bombardier beetle (D:5)
  2 lava snakes (Vaults:3)
  A howler monkey (D:10)
  A quasit (Abyss:3)
  A salamander simulacrum (Snake:3)
  4 hounds
  2 jellies
  21 orc priests
  7 iguanas
  Ijyb (D:4)
  A sleepcap (D:8)
  Natasha (thrice) (D:4)
  24 orc wizards
  4 hell rats (Lair:3)
  7 gnolls
  2 adders
  A naga simulacrum (Snake:3)
  5 white imps
  2 ufetubi
  4 dart slugs
  106 orcs
  7 bats
  4 endoplasms
  4 giant cockroaches
  9 goblins
  12 hobgoblins
  3 jackals (D:4)
  7 quokkas
  13 ball pythons
  8 frilled lizards
  18 kobolds
  9 rats (D:1)
  2 starspawn tentacles (Abyss:3)
1808 creatures vanquished.

Vanquished Creatures (collateral kills)
  A Tzitzimitl (Depths:2)
  Donald (Snake:2)
  A fenstrider witch (Swamp:2)
  Agnes (Snake:3)
  An imperial myrmidon (Desolation)
  An ironbound preserver (D:14)
  An eleionoma (Swamp:2)
  A deep elf annihilator (Elf:3)
  A crystal guardian (Desolation)
  An alligator (Swamp:2)
  A naga sharpshooter (Snake:2)
  A goliath frog (Swamp:2)
  A mana viper (Snake:4)
  A swamp dragon (Swamp:2)
  An ironbound convoker (Desolation)
  An orc sorcerer (Orc:2)
  A tormentor (Depths:2)
  A tyrant leech (Swamp:2)
  A saltling (Desolation)
  A naga (Snake:3)
  A black mamba simulacrum (Snake:3)
  A killer bee (D:10)
  An orc priest (D:10)
  An orc wizard (D:10)
  2 orcs
26 creatures vanquished.

Vanquished Creatures (others)
  2 formless jellyfish
  An ironbound preserver (Vaults:1)
  An ironbound thunderhulk (Vaults:1)
  A deep elf annihilator (Elf:3)
  2 entropy weavers
  A great orb of eyes (Vaults:3)
  An ogre mage (Vaults:3)
  A deep elf knight (Vaults:3)
  A deep troll (Vaults:1)
  An orb spider (shapeshifter) (Elf:2)
  A mana viper (shapeshifter) (Depths:2)
  A deep troll (shapeshifter) (Vaults:5)
  A glowing orange brain (shapeshifter) (Vaults:5)
  5 deep elf zephyrmancers
  3 deep elf pyromancers
  An ironbound convoker (Vaults:4)
  A vault sentinel (Vaults:1)
  5 bloated husks
  A polar bear (shapeshifter) (Elf:1)
  3 glass eyes
  15 slime creatures
  A culicivora (Vaults:2)
  A jumping spider (shapeshifter) (Vaults:5)
  A spriggan (Swamp:4)
  An air elemental (Elf:2)
  A golden eye (Abyss:3)
  A redback (Vaults:4)
  A swamp drake (Swamp:3)
  An orc warrior (Orc:2)
  A phantom (Swamp:4)
  2 killer bees (D:10)
  110 jellies
  39 foxfires
  9 starspawn tentacles (Abyss:3)
218 creatures vanquished.

Grand Total: 2052 creatures vanquished

Notes
Turn   | Place    | Note
-------+----------+-------------------------------------------
     0 | D:1      | Turgor the Troll Shapeshifter began the quest for the Orb.
     0 | D:1      | Reached XP level 1. HP: 18/18 MP: 0/0
   116 | D:1      | Reached XP level 2. HP: 25/26 MP: 1/1
   204 | D:1      | Found Pomuinee's Armour Emporium.
   434 | D:1      | Reached XP level 3. HP: 32/32 MP: 2/2
   920 | D:2      | Identified the +1 robe "Animutt" {Stlth+}
  1108 | D:2      | Reached skill level 4 in Shapeshifting
  1184 | D:2      | Found a burning altar of Makhleb.
  1964 | D:3      | Reached XP level 4. HP: 39/40 MP: 3/3
  2034 | D:3      | Found Zanec's General Store.
  2043 | D:3      | Bought a potion of curing for 33 gold pieces
  2043 | D:3      | Bought a scroll of teleportation for 33 gold pieces
  2043 | D:3      | Bought a scroll of noise for 11 gold pieces
  2319 | D:3      | Found a shimmering altar of Xom.
  2320 | D:3      | Found a hazy altar of Hepliaklqana.
  2320 | D:3      | Noticed a red ugly thing
  2321 | D:3      | Noticed a spectral ugly thing
  2321 | D:3      | Noticed a purple ugly thing
  2454 | D:4      | Noticed Edmund
  2459 | D:4      | Reached XP level 5. HP: 46/46 MP: 4/4
  2467 | D:4      | Killed Edmund
  2468 | D:4      | Reached skill level 5 in Shapeshifting
  2566 | D:4      | Found a staircase to the Ecumenical Temple.
  2577 | Temple   | Entered the Ecumenical Temple
  2599 | Temple   | Became a worshipper of Gozag Ym Sagoz the Greedy
  2628 | D:4      | Noticed Natasha
  2639 | D:4      | Killed Natasha
  2640 | D:4      | Reached XP level 6. HP: 46/54 MP: 5/5
  2653 | D:4      | Found a broken altar of Ashenzari.
  2744 | D:4      | Noticed Ijyb
  2753 | D:4      | Killed Ijyb
  2754 | D:4      | Noticed Natasha
  2768 | D:4      | Killed Natasha
  2769 | D:4      | Reached skill level 5 in Unarmed Combat
  2769 | D:4      | Reached skill level 6 in Shapeshifting
  2872 | D:4      | Noticed Natasha
  2877 | D:4      | Killed Natasha
  2878 | D:4      | Reached XP level 7. HP: 61/61 MP: 6/6
  3049 | D:5      | Entered Level 5 of the Dungeon
  3129 | D:5      | Found a hide-covered altar of Uskayaw.
  3484 | D:5      | Reached skill level 7 in Shapeshifting
  4187 | D:6      | Noticed a steam dragon
  4198 | D:6      | Killed a steam dragon
  4199 | D:6      | Reached XP level 8. HP: 68/68 MP: 7/7
  4234 | D:6      | Reached skill level 1 in Fighting
  4424 | D:6      | Found an ancient bone altar of Kikubaaqudgha.
  4669 | D:7      | Identified 2 scrolls of acquirement
  4669 | D:7      | Acquired the +3 cloak "Icalidd" {rN+ Regen+}
  4737 | D:7      | Reached skill level 8 in Shapeshifting
  4920 | D:7      | Found Xakh's Antique Weapon Boutique.
  5170 | D:7      | Noticed a komodo dragon
  5178 | D:7      | Killed a komodo dragon
  5333 | D:7      | Reached XP level 9. HP: 80/80 MP: 8/8
  5619 | D:8      | Reached skill level 9 in Shapeshifting
  5809 | D:8      | Noticed Amaemon
  5815 | D:8      | Noticed a troll
  5820 | D:8      | Killed Amaemon
  5821 | D:8      | Reached skill level 10 in Shapeshifting
  5821 | D:8      | Reached XP level 10. HP: 38/92 MP: 9/9
  5821 | D:8      | Noticed an orange demon
  5968 | D:8      | Noticed Maurice
  5991 | D:8      | Killed Maurice
  6006 | D:8      | Killed an orange demon
  6219 | D:8      | Found a staircase to the Lair.
  6365 | D:9      | Reached skill level 5 in Dodging
  6409 | D:9      | Reached skill level 5 in Fighting
  6610 | D:9      | Noticed a two-headed ogre
  6620 | D:9      | Killed a two-headed ogre
  6735 | D:9      | Found a sacrificial altar of Ru.
  6900 | D:9      | Reached XP level 11. HP: 88/105 MP: 10/10
  6917 | D:9      | Found a white marble altar of Elyvilon.
  7162 | D:10     | Entered Level 10 of the Dungeon
  7248 | D:10     | Noticed a soul eater
  7302 | D:10     | Found Jeogifo's Armour Shop.
  7409 | D:10     | Noticed a red ugly thing
  7419 | D:10     | Killed a green ugly thing
  7420 | D:10     | Reached skill level 11 in Shapeshifting
  7441 | D:10     | Noticed a deep elf pyromancer
  7452 | D:10     | Killed a deep elf pyromancer
  7577 | D:10     | Found the +7 Kryia's mail coat {PotionHeal*2 rC+}
  7599 | D:10     | Found a burning altar of Makhleb.
  7860 | D:11     | Noticed a boulder beetle
  7877 | D:11     | Killed a boulder beetle
  8078 | D:11     | Noticed a two-headed ogre
  8085 | D:11     | Killed a two-headed ogre
  8225 | D:11     | Found a staircase to the Orcish Mines.
  8817 | Lair:1   | Entered Level 1 of the Lair of Beasts
  8932 | Lair:1   | Reached XP level 12. HP: 119/119 MP: 11/11
  9763 | Lair:2   | Reached skill level 10 in Unarmed Combat
  9982 | Lair:2   | Found a staircase to the Snake Pit.
 10776 | Lair:3   | Found the +10 morningstar "Eos" {elec, Halo rElec}
 10903 | Lair:3   | Found an opulent altar of Gozag.
 11222 | Lair:3   | Noticed a boulder beetle
 11232 | Lair:3   | Killed a boulder beetle
 11317 | Lair:3   | Found a staircase to the Swamp.
 11317 | Lair:3   | Noticed an eleionoma
 11430 | Lair:3   | Reached skill level 12 in Shapeshifting
 11484 | Lair:3   | Killed an eleionoma
 11485 | Lair:3   | Reached XP level 13. HP: 130/131 MP: 12/12
 12092 | Lair:4   | Reached skill level 10 in Dodging
 12290 | Lair:4   | Reached skill level 10 in Fighting
 12847 | Lair:5   | Entered Level 5 of the Lair of Beasts
 13273 | Lair:5   | Found a viscous altar of Jiyva.
 13274 | Lair:5   | Found a staircase to the Slime Pits.
 13806 | Lair:5   | Identified the +6 trident "Itaetz" {venom, *Corrode Fly
                  | rPois Int+4}
 14110 | Orc:1    | Entered Level 1 of the Orcish Mines
 14110 | Orc:1    | Found Zuismim's Assorted Antiques.
 14140 | Orc:1    | Reached XP level 14. HP: 144/144 MP: 13/13
 14478 | Orc:2    | Entered Level 2 of the Orcish Mines
 14830 | Orc:2    | Found Zualowe's Armour Shop.
 14896 | Orc:2    | Reached skill level 13 in Shapeshifting
 14902 | Orc:2    | Found a staircase to the Elven Halls.
 15165 | Orc:2    | Found Pyrilug's Weapon Boutique.
 15387 | Orc:2    | Found Beshur Alue's Assorted Antiques.
 15416 | Orc:2    | Bought a small fluorescent amulet for 95 gold pieces
 15721 | Orc:2    | Noticed Saint Roka
 15788 | Orc:1    | Bought a phial of floods for 1320 gold pieces
 15788 | Orc:1    | Bought a sack of spiders for 1320 gold pieces
 15788 | Orc:1    | Acquired a manual of Shields
 15794 | Orc:1    | Bought a scroll of identify for 34 gold pieces
 15909 | D:11     | Reached skill level 1 in Evocations
 16705 | D:13     | You fall into a shaft and drop 2 floors!
 16705 | D:15     | Entered Level 15 of the Dungeon
 16866 | D:13     | Acquired 382 gold pieces
 17086 | D:13     | Found a portal to a secret trove of treasure.
 17564 | Orc:1    | Bought the amulet of Gozag's Esteem {Faith rF+ rN+ Regen+}
                  | for 931 gold pieces
 17639 | Orc:2    | Paralysed by an orc sorcerer for 5 turns
 17685 | Orc:2    | Found Ziofal's Antique Armour Shoppe.
 17688 | Orc:2    | Found Totamu's Antique Weapon Emporium.
 17693 | Orc:2    | Killed Saint Roka
 18023 | Orc:1    | Bought a lightning rod (4/4) for 680 gold pieces
 18114 | D:14     | Reached skill level 5 in Evocations
 18259 | D:14     | Found a gate to the Vaults.
 18259 | D:14     | Noticed an ironbound preserver
 18559 | D:14     | Reached skill level 14 in Shapeshifting
 18651 | D:14     | Reached XP level 15. HP: 152/152 MP: 14/14
 18990 | D:15     | Found an opulent altar of Gozag.
 19264 | D:15     | Found a staircase to the Depths.
 19709 | Depths:1 | Entered Level 1 of the Depths
 19955 | Lair:5   | Fell from the grace of Gozag
 19955 | Lair:5   | Became a worshipper of Jiyva Jusan the Shapeless
 20041 | Snake:1  | Entered Level 1 of the Snake Pit
 20420 | Snake:1  | Reached * piety under Jiyva
 20493 | Snake:1  | Found Awod's Armour Emporium.
 20502 | Snake:1  | Bought a +1 hat for 154 gold pieces
 21070 | Snake:1  | Found a runed translucent gate.
 21070 | Snake:1  | Found a runed translucent gate.
 21071 | Snake:1  | Found a runed translucent gate.
 21071 | Snake:1  | Noticed Killmatronix's ghost (adept SpBe)
 21389 | Snake:2  | Reached ** piety under Jiyva
 21470 | Snake:2  | Noticed a nagaraja
 21498 | Snake:2  | Killed a nagaraja
 21527 | Snake:2  | Identified the +5 kite shield of Kodgh {rElec Regen+ Str-2
                  | Int+3}
 21527 | Snake:2  | Noticed Donald
 21543 | Snake:2  | HP: 7/152 [Donald/+6 long sword of freezing (7)]
 21543 | Snake:2  | Killed Donald
 21636 | Snake:2  | Noticed Vashnia
 21824 | Snake:2  | Reached skill level 15 in Shapeshifting
 21897 | Snake:2  | Killed Vashnia
 21898 | Snake:2  | Reached skill level 1 in Armour
 22364 | Snake:2  | Reached *** piety under Jiyva
 22773 | Snake:2  | Reached XP level 16. HP: 123/161 MP: 15/15
 22947 | Snake:3  | Gained mutation: You are partially covered in iridescent
                  | scales. (AC +2) [Jiyva's grace]
 22947 | Snake:3  | Gained mutation: You are mostly covered in iridescent
                  | scales. (AC +4) [Jiyva's grace]
 22947 | Snake:3  | Gained mutation: You are completely covered in iridescent
                  | scales. (AC +6) [Jiyva's grace]
 22947 | Snake:3  | Gained mutation: You are agile. (Dex +4, Str/Int -1)
                  | [Jiyva's grace]
 23104 | Snake:3  | Found a runed translucent gate.
 23136 | Snake:3  | Reached skill level 10 in Evocations
 23155 | Snake:3  | HP: 7/161 [black mamba (10)]
 23560 | Snake:3  | Noticed Agnes
 23563 | Snake:3  | Killed Agnes
 23564 | Snake:3  | Reached skill level 5 in Armour
 23596 | Snake:3  | Reached **** piety under Jiyva
 23617 | Snake:3  | Noticed Bai Suzhen
 23636 | Snake:3  | Killed Bai Suzhen
 24074 | Snake:3  | Noticed Louise
 24092 | Snake:3  | Killed Louise
 24142 | Snake:3  | Found a runed translucent gate.
 24142 | Snake:3  | Found a runed translucent gate.
 24142 | Snake:3  | Noticed flestrin's ghost (adept MfSh)
 24203 | Snake:3  | Reached ***** piety under Jiyva
 24205 | Snake:3  | Noticed Mara
 24332 | Snake:4  | Entered Level 4 of the Snake Pit
 24422 | Snake:4  | Lost mutation: You are completely covered in iridescent
                  | scales. (AC +6) [Jiyva's grace]
 24422 | Snake:4  | Lost mutation: You are agile. (Dex +4, Str/Int -1) [Jiyva's
                  | grace]
 24422 | Snake:4  | Gained mutation: Your system is resistant to poisons.
                  | (rPois) [Jiyva's grace]
 24422 | Snake:4  | Gained mutation: You expend magic power (3 MP) to
                  | strengthen your wands. [Jiyva's grace]
 24422 | Snake:4  | Gained mutation: Your spells are a little harder to cast,
                  | but a little more powerful. [Jiyva's grace]
 24422 | Snake:4  | Gained mutation: Your spells are harder to cast, but more
                  | powerful. [Jiyva's grace]
 25098 | Snake:4  | Found a runed translucent gate.
 25098 | Snake:4  | Found a runed translucent gate.
 25099 | Snake:4  | Found a runed translucent gate.
 25282 | Snake:4  | Noticed Vorhees's ghost (adept DjEE)
 25574 | Snake:4  | Reached XP level 17. HP: 170/170 MP: 16/16
 25796 | Snake:4  | Was forgiven by Gozag
 26334 | Snake:4  | Got a serpentine rune of Zot
 26609 | Snake:3  | Found Pereg's Jewellery Shoppe.
 26669 | Snake:3  | Noticed Turgor's illusion
 26679 | Snake:3  | Killed Mara
 26793 | Snake:3  | Killed flestrin's ghost
 26906 | Swamp:1  | Entered Level 1 of the Swamp
 27356 | Swamp:1  | Lost mutation: Your system is resistant to poisons. (rPois)
                  | [Jiyva's grace]
 27356 | Swamp:1  | Lost mutation: You expend magic power (3 MP) to strengthen
                  | your wands. [Jiyva's grace]
 27356 | Swamp:1  | Gained mutation: Your spells are much harder to cast, but
                  | much more powerful. [Jiyva's grace]
 27356 | Swamp:1  | Gained mutation: A frigid envelope surrounds you and
                  | freezes all who hurt you. [Jiyva's grace]
 27356 | Swamp:1  | Gained mutation: You have a small jelly attached to you
                  | that may absorb projectiles. [Jiyva's grace]
 27356 | Swamp:1  | Gained mutation: You are covered in slimy tendrils that may
                  | disarm your opponents. [Jiyva's grace]
 27363 | Swamp:1  | Reached ****** piety under Jiyva
 27527 | Swamp:1  | Identified the ring of Ywist {Wiz Int+4 Dex+3}
 27576 | Swamp:1  | Reached skill level 10 in Armour
 27674 | Swamp:1  | Reached XP level 18. HP: 171/182 MP: 17/17
 27789 | Swamp:2  | Paralysed by a fenstrider witch for 2 turns
 27803 | Swamp:2  | Paralysed by a fenstrider witch for 5 turns
 27969 | Swamp:2  | Identified the staff "Edugat" {rElec rPois Int+2 Alchemy}
 28428 | Swamp:3  | Noticed Mlioglotl
 28436 | Swamp:3  | Killed Mlioglotl
 28477 | Swamp:3  | Acquired 667 gold pieces
 28933 | Swamp:3  | Lost mutation: Your spells are much harder to cast, but
                  | much more powerful. [Jiyva's grace]
 28933 | Swamp:3  | Lost mutation: Your spells are harder to cast, but more
                  | powerful. [Jiyva's grace]
 28933 | Swamp:3  | Gained mutation: You are completely covered in iridescent
                  | scales. (AC +6) [Jiyva's grace]
 28933 | Swamp:3  | Gained mutation: You have a pair of small antennae on your
                  | head. [Jiyva's grace]
 28933 | Swamp:3  | Gained mutation: You have a pair of antennae on your head.
                  | [Jiyva's grace]
 28933 | Swamp:3  | Gained mutation: You have a pair of large antennae on your
                  | head. (SInv) [Jiyva's grace]
 29072 | Slime:1  | Entered Level 1 of the Pits of Slime
 29100 | Slime:5  | Entered Level 5 of the Pits of Slime
 29297 | Slime:5  | Noticed the Royal Jelly
 29332 | Slime:5  | Found a viscous altar of Jiyva.
 29340 | Slime:5  | Identified the +9 great sword of Destiny {spect, Str+6
                  | Int+2}
 29344 | Slime:5  | Identified the +3 leather armour of Inviolability {Str+3}
 29360 | Slime:5  | Got a starry gem with 314 turns to spare
 29364 | Slime:5  | Got a slimy rune of Zot
 29396 | Slime:5  | Identified the +2 mace "Jameos" {protect, rElec rC- Dex+2}
 29992 | Swamp:4  | Entered Level 4 of the Swamp
 30224 | Swamp:4  | Reached skill level 16 in Shapeshifting
 30438 | Swamp:4  | Identified the +1 halberd of Ynugieff {freeze, Str+3}
 30971 | Swamp:4  | Noticed a bone dragon
 30982 | Swamp:4  | Killed a bone dragon
 30992 | Swamp:4  | Got a decaying rune of Zot
 31231 | D:15     | Learned a level 4 spell: Manifold Assault
 31299 | Vaults:1 | Entered Level 1 of the Vaults
 31549 | Vaults:1 | Reached XP level 19. HP: 156/193 MP: 18/18
 31899 | Vaults:1 | Lost mutation: You have a pair of large antennae on your
                  | head. (SInv) [Jiyva's grace]
 31899 | Vaults:1 | Lost mutation: You are completely covered in iridescent
                  | scales. (AC +6) [Jiyva's grace]
 31899 | Vaults:1 | Lost mutation: You are covered in slimy tendrils that may
                  | disarm your opponents. [Jiyva's grace]
 31899 | Vaults:1 | Lost mutation: You have a small jelly attached to you that
                  | may absorb projectiles. [Jiyva's grace]
 31899 | Vaults:1 | Gained mutation: You passively map a small area around you.
                  | [Jiyva's grace]
 31899 | Vaults:1 | Gained mutation: You passively map the area around you.
                  | [Jiyva's grace]
 31899 | Vaults:1 | Gained mutation: You passively map a large area around you.
                  | [Jiyva's grace]
 31899 | Vaults:1 | Gained mutation: You expend magic power (3 MP) to
                  | strengthen your wands. [Jiyva's grace]
 32574 | Vaults:2 | Reached skill level 17 in Shapeshifting
 32633 | Vaults:2 | Got the Guidebook on Sparks
 32642 | Vaults:2 | Found a crumbling gateway.
 32648 | Desolati | Entered the Desolation of Salt
 32739 | Desolati | Identified the ring "Lisim" {Ice rElec rPois Stlth+}
 32795 | Desolati | Got the Incunabulum of Floating Spellbinding
 32824 | Desolati | Identified the +7 halberd of Jeamostu {flame, Dex+4}
 32826 | Desolati | Identified the +10 giant spiked club "Boufiox" {venom,
                  | rN+++ Str+7 Int-3 Stlth-}
 33039 | Desolati | Identified the +0 swamp dragon scales of Kuyrch Cimm {rPois
                  | rN+ SInv}
 33043 | Desolati | Got Sunar Woypt's Omnibus of Argyropoeia
 33650 | Vaults:2 | Lost mutation: You have a pair of antennae on your head.
                  | [Jiyva's grace]
 33650 | Vaults:2 | Lost mutation: You passively map a large area around you.
                  | [Jiyva's grace]
 33650 | Vaults:2 | Lost mutation: You passively map the area around you.
                  | [Jiyva's grace]
 33650 | Vaults:2 | Gained mutation: You have large cloven feet. [Jiyva's
                  | grace]
 33650 | Vaults:2 | Gained mutation: You have hoof-like feet. [Jiyva's grace]
 33650 | Vaults:2 | Gained mutation: You have hooves in place of feet. [Jiyva's
                  | grace]
 33650 | Vaults:2 | Gained mutation: You are completely covered in iridescent
                  | scales. (AC +6) [Jiyva's grace]
 33708 | Vaults:2 | Reached XP level 20. HP: 205/205 MP: 19/19
 33734 | Vaults:2 | Reached skill level 18 in Shapeshifting
 33929 | Vaults:2 | Found Zatsup's Armour Shop.
 34138 | Vaults:3 | Identified the +3 quarterstaff of the Jolly Persimmons
                  | {freeze, rN+ SInv}
 34542 | Vaults:3 | Got the Almanac of Jinxing
 34735 | Vaults:3 | Lost mutation: You have hooves in place of feet. [Jiyva's
                  | grace]
 34735 | Vaults:3 | Lost mutation: Your spells are a little harder to cast, but
                  | a little more powerful. [Jiyva's grace]
 34735 | Vaults:3 | Gained mutation: Your rubbery body absorbs attacks. (AC +1,
                  | EV +1) [Jiyva's grace]
 34735 | Vaults:3 | Gained mutation: Your pliable body absorbs attacks. (AC +2,
                  | EV +2) [Jiyva's grace]
 34735 | Vaults:3 | Gained mutation: Your gelatinous body deflects attacks. (AC
                  | +3, EV +3) [Jiyva's grace]
 34735 | Vaults:3 | Gained mutation: Your translucent skin slightly reduces
                  | your foes' accuracy. (Stealth+) [Jiyva's grace]
 34801 | Vaults:3 | Got the Directory of Coordinates
 34895 | Vaults:3 | Noticed a bone dragon
 34915 | Vaults:3 | Killed a bone dragon
 34997 | Vaults:3 | Got the Dissertation on Sinister Spells
 35176 | Vaults:3 | Got the Grimoire of the Volcano
 35333 | Vaults:3 | Found a staircase to the Crypt.
 35639 | Vaults:4 | Found Kogooh's Antique Armour Emporium.
 35786 | Vaults:4 | Found a gateway to a bazaar.
 36235 | Vaults:4 | Reached skill level 19 in Shapeshifting
 36409 | Vaults:4 | Reached skill level 15 in Unarmed Combat
 36993 | Elf:1    | Entered Level 1 of the Elven Halls
 36994 | Elf:1    | Paralysed by an air elemental for 1 turns
 37001 | Abyss:2  | Cast into level 2 of the Abyss (a deep elf sorcerer)
 37002 | Abyss:2  | Found a corrupted altar of Lugonu.
 37083 | Abyss:2  | Lost mutation: A frigid envelope surrounds you and freezes
                  | all who hurt you. [Jiyva's grace]
 37083 | Abyss:2  | Lost mutation: Your gelatinous body deflects attacks. (AC
                  | +3, EV +3) [Jiyva's grace]
 37083 | Abyss:2  | Gained mutation: Your spells are a little harder to cast,
                  | but a little more powerful. [Jiyva's grace]
 37083 | Abyss:2  | Gained mutation: Your spells are harder to cast, but more
                  | powerful. [Jiyva's grace]
 37083 | Abyss:2  | Gained mutation: Your spells are much harder to cast, but
                  | much more powerful. [Jiyva's grace]
 37083 | Abyss:2  | Gained mutation: You have supernaturally acute eyesight.
                  | (SInv) [Jiyva's grace]
 37086 | Abyss:2  | Found a corrupted altar of Lugonu.
 37092 | Abyss:3  | Found a corrupted altar of Lugonu.
 37168 | Elf:1    | Escaped the Abyss
 37346 | Elf:1    | Paralysed by an air elemental for 1 turns
 37374 | Elf:1    | Reached skill level 1 in Shields
 37377 | Elf:1    | Reached XP level 21. HP: 214/214 MP: 20/20
 37807 | Elf:1    | You fall into a shaft and drop 1 floor!
 37986 | Elf:2    | Found a runed translucent gate.
 37987 | Elf:2    | Found a runed translucent gate.
 37987 | Elf:2    | Found a runed translucent gate.
 38116 | Elf:2    | Reached skill level 5 in Shields
 38145 | Elf:2    | Paralysed by an air elemental for 1 turns
 38443 | Elf:1    | Lost mutation: You have hoof-like feet. [Jiyva's grace]
 38443 | Elf:1    | Lost mutation: You are completely covered in iridescent
                  | scales. (AC +6) [Jiyva's grace]
 38443 | Elf:1    | Lost mutation: Your pliable body absorbs attacks. (AC +2,
                  | EV +2) [Jiyva's grace]
 38443 | Elf:1    | Lost mutation: You expend magic power (3 MP) to strengthen
                  | your wands. [Jiyva's grace]
 38443 | Elf:1    | Gained mutation: You heal very quickly. [Jiyva's grace]
 38443 | Elf:1    | Gained mutation: You regenerate. [Jiyva's grace]
 38443 | Elf:1    | Gained mutation: Your muscles are strong. (Str +4, Int/Dex
                  | -1) [Jiyva's grace]
 38443 | Elf:1    | Gained mutation: Your muscles are very strong. (Str +8,
                  | Int/Dex -2) [Jiyva's grace]
 38682 | Elf:2    | Identified the +3 ring mail of Lucidity {Fly rF+ Regen+}
 38733 | Elf:2    | Identified the +7 trident "Medonide" {holy, Str+3 Dex+3
                  | Stlth-}
 38769 | Elf:2    | Paralysed by an air elemental for 1 turns
 39169 | Elf:3    | Entered Level 3 of the Elven Halls
 39590 | Abyss:3  | Cast into level 3 of the Abyss (a deep elf sorcerer)
 39757 | Abyss:3  | Noticed an ancient lich
 39763 | Abyss:3  | Killed an ancient lich
 39773 | Elf:3    | Escaped the Abyss
 39800 | Elf:3    | Identified the ring of Semahe {rC+++ rN++ Str+6 Dex-4}
 39807 | Elf:3    | Identified the +7 lajatang of the Shore {flame, rElec Will+
                  | Int+3}
 39815 | Elf:3    | Got Firgh's Volume of the Weathered Crypt
 39816 | Elf:3    | Identified the staff of the Pyrrhic Victory {SInv Stlth+
                  | Earth}
 39818 | Elf:3    | Got the Catalogue of the Secret Hells
 39844 | Elf:3    | Got Plog's Treatise on Ouranomancy and Places
 39853 | Elf:3    | Identified the +1 glaive "Cesoschapn" {heavy, Dex+3}
 39858 | Elf:3    | Identified the +1 long sword of the Messenger {flame,
                  | Will+}
 39868 | Elf:3    | Identified the +9 longbow "Zoucesef" {heavy, Int+3}
 39926 | Elf:3    | Identified the staff of Defence by Offence {rElec rPois rF+
                  | Str+3 Fire}
 39969 | Elf:3    | Identified the staff of the Past {rElec Int+7 Dex-2 Conj}
 39969 | Abyss:3  | Cast into level 3 of the Abyss (a deep elf sorcerer)
 39971 | Abyss:3  | Found a corrupted altar of Lugonu.
 39988 | Abyss:3  | Found a corrupted altar of Lugonu.
 40032 | Abyss:3  | Noticed an ancient lich
 40044 | Abyss:3  | Killed an ancient lich
 40065 | Abyss:3  | Lost mutation: You are mostly covered in iridescent scales.
                  | (AC +4) [Jiyva's grace]
 40065 | Abyss:3  | Gained mutation: You are mostly covered in iridescent
                  | scales. (AC +4) [Jiyva's grace]
 40065 | Abyss:3  | Gained mutation: You are completely covered in iridescent
                  | scales. (AC +6) [Jiyva's grace]
 40065 | Abyss:3  | Gained mutation: Your system is resistant to poisons.
                  | (rPois) [Jiyva's grace]
 40065 | Abyss:3  | Gained mutation: You are robust. (+10% HP) [Jiyva's grace]
 40077 | Abyss:3  | Noticed a profane servitor
 40100 | Abyss:3  | Killed a profane servitor
 40125 | Abyss:3  | Reached XP level 22. HP: 245/245 MP: 21/21
 40178 | Elf:3    | Escaped the Abyss
 40181 | Elf:3    | Identified the staff "Conservator" {rElec Dex+5 Air}
 40214 | Abyss:3  | Cast into level 3 of the Abyss (a deep elf sorcerer)
 40232 | Elf:3    | Escaped the Abyss
 40783 | D:13     | You paid a toll of a +8 demon blade to enter a treasure
                  | trove
 40784 | Trove    | Entered a treasure trove
 40790 | Trove    | Got Jicireci's Guidebook on the Decaying Geodesic
 40815 | Trove    | Got Sif Muna's Folio of Dynamic Immolation
 40833 | Trove    | Got Sif Muna's Codex of Differential Interference
 40843 | Trove    | Got Sif Muna's Secrets of Excruciating Transportation
 40854 | Trove    | Learned a level 2 spell: Blink
 40859 | Trove    | Learned a level 4 spell: Passage of Golubria
 41042 | Bazaar   | Entered a bazaar
 41043 | Bazaar   | Found Minixy's Jewellery Emporium.
 41054 | Bazaar   | Found Zameoz's Distillery.
 41065 | Bazaar   | Found Fizo's Antique Armour Shoppe.
 41073 | Bazaar   | Bought a spiked kite shield for 123 gold pieces
 41073 | Bazaar   | Identified the +0 kite shield "Oree" {rPois} (You bought it
                  | in a shop in a bazaar)
 41074 | Bazaar   | Found Eschai's General Store.
 41082 | Bazaar   | Bought a scroll of teleportation for 42 gold pieces
 41082 | Bazaar   | Bought a scroll of enchant armour for 105 gold pieces
 41086 | Bazaar   | Found Isydghova's Antique Weapon Boutique.
 41106 | Bazaar   | Bought the necklace of Bloodlust {Fury *Rage Will++ Int-3
                  | Slay+6} for 407 gold pieces
 41106 | Bazaar   | Found the necklace of Bloodlust {Fury *Rage Will++ Int-3
                  | Slay+6}
 41117 | Bazaar   | Bought a potion of mutation for 120 gold pieces
 41117 | Bazaar   | Bought a potion of enlightenment for 75 gold pieces
 41117 | Bazaar   | Bought a potion of curing for 45 gold pieces
 41117 | Bazaar   | Bought 2 potions of curing for 90 gold pieces
 41117 | Bazaar   | Bought a potion of brilliance for 60 gold pieces
 41130 | Bazaar   | Bought a potion of curing for 42 gold pieces
 41130 | Bazaar   | Bought a potion of resistance for 140 gold pieces
 41130 | Bazaar   | Bought a potion of resistance for 140 gold pieces
 41452 | Depths:1 | Reached skill level 1 in Throwing
 41475 | Depths:1 | Found Riabb's Armour Shop.
 41481 | Depths:1 | Lost mutation: You are completely covered in iridescent
                  | scales. (AC +6) [Jiyva's grace]
 41481 | Depths:1 | Lost mutation: You regenerate. [Jiyva's grace]
 41481 | Depths:1 | Lost mutation: You are robust. (+10% HP) [Jiyva's grace]
 41481 | Depths:1 | Lost mutation: Your muscles are very strong. (Str +8,
                  | Int/Dex -2) [Jiyva's grace]
 41481 | Depths:1 | Lost mutation: Your spells are much harder to cast, but
                  | much more powerful. [Jiyva's grace]
 41481 | Depths:1 | Lost mutation: Your translucent skin slightly reduces your
                  | foes' accuracy. (Stealth+) [Jiyva's grace]
 41481 | Depths:1 | Gained mutation: Your mind is acute. (Int +4, Str/Dex -1)
                  | [Jiyva's grace]
 41481 | Depths:1 | Gained mutation: Your mind is very acute. (Int +8, Str/Dex
                  | -2) [Jiyva's grace]
 41481 | Depths:1 | Gained mutation: You have hidden genetic potential.
                  | [Jiyva's grace]
 41481 | Depths:1 | Gained mutation: You have great hidden genetic potential.
                  | [Jiyva's grace]
 41689 | Depths:1 | Noticed Boris
 41701 | Depths:1 | Killed Boris
 42139 | Depths:1 | Found a gateway to Hell.
 42310 | Depths:2 | Found Nenu's Armour Shop.
 42339 | Depths:2 | Reached skill level 20 in Shapeshifting
 42339 | Depths:2 | Found Wofetore's Magic Scroll Boutique.
 42347 | Depths:2 | Bought a scroll of blinking for 142 gold pieces
 42347 | Depths:2 | Bought a scroll of blinking for 142 gold pieces
 42347 | Depths:2 | Bought a scroll of blinking for 142 gold pieces
 42347 | Depths:2 | Bought a scroll of fear for 76 gold pieces
 42347 | Depths:2 | Bought a scroll of summoning for 180 gold pieces
 42521 | Depths:2 | Found Miemap's Antique Armour Boutique.
 42601 | Depths:2 | Found a one-way gate to the infinite horrors of the Abyss.
 42767 | Depths:2 | Noticed Grunn
 42783 | Depths:2 | Killed Grunn
 42788 | Depths:2 | HP: 10/224 [bone dragon[a doom hound] (8)]
 42788 | Depths:2 | HP: 2/224 [doom hound[Grunn] (8)]
 42928 | Depths:2 | Reached skill level 5 in Throwing
 43001 | Depths:2 | Found a one-way gate leading to the halls of Pandemonium.
 43250 | Depths:2 | Found a runed translucent door.
 43266 | Depths:2 | Noticed a caustic shrike
 43267 | Depths:2 | Reached skill level 21 in Shapeshifting
 43278 | Depths:2 | Killed a caustic shrike
 43303 | Depths:2 | Identified the +5 rapier of Bile {flame, *Rage rC+ Will+
                  | Str+3}
 43309 | Depths:2 | Lost mutation: You have large cloven feet. [Jiyva's grace]
 43309 | Depths:2 | Lost mutation: You are mostly covered in iridescent scales.
                  | (AC +4) [Jiyva's grace]
 43309 | Depths:2 | Lost mutation: Your mind is very acute. (Int +8, Str/Dex
                  | -2) [Jiyva's grace]
 43309 | Depths:2 | Lost mutation: Your rubbery body absorbs attacks. (AC +1,
                  | EV +1) [Jiyva's grace]
 43309 | Depths:2 | Lost mutation: You have great hidden genetic potential.
                  | [Jiyva's grace]
 43309 | Depths:2 | Gained mutation: Your spells are much harder to cast, but
                  | much more powerful. [Jiyva's grace]
 43309 | Depths:2 | Gained mutation: Your movements are slightly less
                  | encumbered by armour. (ER -2) [Jiyva's grace]
 43309 | Depths:2 | Gained mutation: Your movements are less encumbered by
                  | armour. (ER -4) [Jiyva's grace]
 43309 | Depths:2 | Gained mutation: Your movements are significantly less
                  | encumbered by armour. (ER -6) [Jiyva's grace]
 43559 | Depths:3 | Found Xyclegimp's Assorted Antiques.
 43597 | Depths:3 | Found a shadowy altar of Dithmenos.
 43648 | Depths:3 | Reached XP level 23. HP: 116/232 MP: 22/22
 43687 | Depths:3 | Paralysed by a sphinx for 3 turns
 43778 | Depths:3 | Found a one-way gateway to a ziggurat.
 43779 | Depths:3 | Noticed Jory
 43793 | Depths:3 | Killed Jory
 43920 | Depths:3 | Found a hide-covered altar of Uskayaw.
 44129 | Depths:4 | Entered Level 4 of the Depths
 44255 | Depths:4 | Found Byfianof's Book Shop.
 44256 | Depths:4 | Found Doel's Jewellery Shoppe.
 44257 | Depths:4 | Found Esuwnaimm's Book Shop.
 44299 | Depths:4 | Noticed Margery
 44309 | Depths:4 | Killed Margery
 44310 | Depths:4 | Noticed Boris
 44321 | Depths:4 | Gained mutation: You are robust. (+10% HP) [hidden
                  | potential]
 44334 | Depths:4 | Killed Boris
 44828 | Depths:4 | Reached skill level 22 in Shapeshifting
 44869 | Depths:4 | Found a gate to the Realm of Zot.
 45213 | Depths:4 | Found an iron altar of Okawaru.
 45504 | Vaults:5 | Entered Level 5 of the Vaults
 45571 | Vaults:5 | Noticed a dread lich
 45587 | Vaults:5 | Killed a dread lich
 45592 | Vaults:5 | HP: 3/255 [vault guard/+0 dire flail (17)]
 45592 | Vaults:5 | Slain by a tengu reaver

Illustrated notes

Levels and vault maps discovered:
D:1:      psy_arrival_whirlpool, layout_loops_ring, serial_shops,
          nicolae_shop_tiny_real_fake_doors, minmay_rat_gold_closets
D:2:      layout_basic, basic_altar, st_stairs_6
D:3:      layout_loops_ring, regret_index_temple_of_mockery, serial_shops, shop
D:4:      layout_rooms, nicolae_ashenzari_skybound, minmay_temple_entry_ruins,
          minmay_distorted, uniq_ijyb, uniq_edmund, uniq_natasha
D:5:      layout_rooms, mainiacjoe_overflow_24_doors
D:6:      layout_layer_cave, mainiacjoe_overflow_surrounded_room
D:7:      layout_gridville, serial_shops, nicolae_lakefront_shop,
          minmay_lizard_king
D:8:      layout_cave_pools, lair_entry_dummy, grunt_ministairs_8, uniq_maurice,
          uniq_amaemon
D:9:      layout_roguey [special_room_orc], elyvilon_altar_1, lemuel_round_altar
D:10:     minmay_shrinking_squares, layout_rooms, mainiacjoe_overflow_boulevard,
          serial_shops, shop
D:11:     layout_loops_ring, minmay_orc_entry_temple_small
D:12:     layout_cave_pools
D:13:     layout_stronghold, serial_glass, glass_columns_a, glass_columns_a,
          nicolae_trove_entry_isolated
D:14:     layout_roguey, skrybe_vaults_entry_preservation
D:15:     hangedman_depths_entry_try_elsewhere_first, layout_gridville,
          grunt_gozag_statues
Temple:   nicolae_temple_superstar
Lair:1:   layout_cave_pods
Lair:2:   layout_gridlike, guppyfry_snake_entry_garden, beast_lair_carwin_4,
          grunt_megastairs_2
Lair:3:   layout_regular_city, alex1729_swamp_entry_worm_eleionoma, basic_altar,
          dpeg_oklob_1, serial_bayou_shore_a
Lair:4:   layout_long_grid, serial_bayou_pond_a
Lair:5:   gammafunk_lair_ancient_temple, layout_regular_city,
          dpeg_slime_entry_enclosed, infiniplex_staircase_pool,
          lemuel_fruit_tree
Swamp:1:  nicolae_swamp_flooded_prison, layout_falls_marsh,
          evilmike_swamp_ruin_house_3, swamp_pool_5, hangedman_swamp_cone
Swamp:2:  layout_falls_marsh, nicolae_swamp_well_well_well
Swamp:3:  layout_falls_marsh, evilmike_swamp_ruin_house_6, swamp_pool_1_2,
          nicolae_swamp_necromancer_hut, uniq_mlioglotl
Swamp:4:  swamp_pestilence, layout_basic_swamp, swamp_pool_1_2
Snake:1:  nicolae_snake_crotalidae_crossing, layout_onion_interference,
          ebering_ghost_rock_garden, serial_shops, nicolae_lakefront_shop
Snake:2:  layout_basic, uniq_donald, uniq_vashnia
Snake:3:  nicolae_cobra_stairs, layout_onion, gammafunk_ghost_necromancy,
          serial_shops, nicolae_shop_gaudy_bauble, grunt_megastairs_4,
          uniq_agnes, uniq_bai_suzhen, uniq_louise, uniq_mara
Snake:4:  snake_pit_salamanders_mu, layout_cave_town, ebering_ghost_rock_garden,
          grunt_ministairs_13, nicolae_snake_snakewalk
Slime:1:  layout_caves
Slime:2:  layout_caves, nicolae_slime_getting_an_eyeful
Slime:3:  layout_caves
Slime:4:  layout_caves
Slime:5:  slime_pit_nicolae_block_by_block
Orc:1:    layout_caves, serial_shops, shop, david_defended_altar_orc
Orc:2:    grunt_orc_community_town_hall, layout_caves,
          grunt_orc_community_big_house_1, grunt_orc_community_big_house_2,
          grunt_orc_community_house_2, grunt_orc_community_house_2,
          grunt_orc_community_house_3, grunt_orc_community_house_3,
          serial_shops, nicolae_diamond_shop
Elf:1:    elf_arrival_002, layout_loops_corners, hangedman_elf_disciples
Elf:2:    nicolae_elf_blades_crystal_corner, layout_geoelf_diagonals
Elf:3:    minmay_elf_hall_hex, layout_geoelf_octagon, item_on_display_a,
          grunt_megastairs_1
Vaults:1: nicolae_vaults_security_offices_2, ontoclasm_vaults_loading_screen,
          nicolae_vaults_closet_pinwheel_5, v_misc_15, v_misc_14,
          nicolae_vaults_turnstiles, nicolae_vaults_what_the_h,
          nicolae_vaults_more_shelving_1, vaults_room_pools,
          nicolae_vaults_tetromino_T_1, hangedman_vaults_slice,
          layout_vaults_ring
Vaults:2: portal_desolation_entry_salt, nicolae_vaults_mitosis,
          vaults_room_fours, vaults_dpeg_emergency_exit, vaults_dpeg_cross,
          vaults_mumra_minichess, v_rooms_3, nicolae_vaults_mini_display_case,
          nicolae_vaults_network_periphery, ontoclasm_vaults_pinch,
          nicolae_vaults_trapezoid_lopsided_3, layout_vaults_maze_snakey,
          serial_shops, shop_fountains
Vaults:3: nicolae_vaults_house_2, minmay_crypt_entry_simple_statues,
          nicolae_vaults_theta, vaults_mumra_chevron, v_alt_pattern_2,
          nicolae_vaults_tangram_1, v_misc_25, v_pattern_5,
          nicolae_vaults_murderbox, layout_vaults_chaotic_city,
          serial_magic_research, hangedman_research_quantum,
          hangedman_research_pyrotechnics, hangedman_research_thanatology,
          hangedman_research_probablistics
Vaults:4: vaults_room_hallway, nicolae_vaults_network_square,
          nicolae_vaults_whirlpool_walls, vaults_room_ringed_pool,
          ontoclasm_vaults_bender, v_misc_16, vaults_room_door_hall, v_misc_12,
          nicolae_vaults_closet_pinwheel_3, nicolae_vaults_closet_pinwheel_3,
          layout_vaults_big_cross, serial_shops, bzr_entry_safe, shop
Vaults:5
Depths:1: layout_cave_pools, grunt_hell_entry_dis_grunt, nicolae_eternal_life,
          serial_shops, shop, lightli_corner_chamber, uniq_boris
Depths:2: minmay_the_grid_four_pointed_star_mashed
          [minmay_the_grid_triangle_9x9_warning,
          minmay_the_grid_triangle_9x9_subtriangle,
          minmay_the_grid_triangle_9x9_minimal,
          minmay_the_grid_triangle_9x9_empty,
          minmay_the_grid_prize_four_corners], layout_gridlike, serial_shops,
          nicolae_shop_behind_doors, minmay_room_of_horrors, hell_entry,
          rand_demon_pan_entry_7, serial_bayou_shore_b, serial_bayou_shore_b,
          infiniplex_staircase_x, minmay_shoptagon, uniq_grunn
Depths:3: dreamdust_cat_pyramid, layout_cave_pools, enter_ziggurat_c,
          abyss_entry, serial_shops, nicolae_shop_real_fake_doors,
          grunt_dithmenos_smoke_and_mirrors, lightli_too_deep,
          nicolae_uskayaw_en_pointe, infiniplex_staircase_pool_2, uniq_jory
Depths:4: evilmike_zot_entry_gauntlet, layout_honeycomb, abyss_entry_glasseish,
          fountainhead, pf_hell_entry_great_geh, okawaru_altar_gauntlet_db,
          minmay_shop_grove, uniq_margery

Skill      XL: |  1  2  3  4  5  6  7  8  9 10 11 12 13 14 15 16 17 18 19 20 21 22 23 |
---------------+----------------------------------------------------------------------+-----
Shapeshifting  | 4 5 6 7 8 10 11 12 14 15 16 17 19 21 22 | 22.7
Unarmed Combat | 4 5 6 7 8 9 10 11 12 13 14 15 17 18 | 18.0
Fighting       | 2 4 5 7 9 10 11 12 13 14 | 14.3
Dodging        | 2 4 6 7 9 10 11 12 13 14 | 14.1
Evocations     | 6 9 10 | 10.0
Armour         | 2 7 10 11 12 13 14 | 14.3
Shields        | 1 6 |  6.0
Throwing       | 6 8 |  8.0

Action                     |  1- 3 |  4- 6 |  7- 9 | 10-12 | 13-15 | 16-18 | 19-21 | 22-24 || total
---------------------------+-------+-------+-------+-------+-------+-------+-------+-------++-------
  Melee: Unarmed           |   106 |   119 |   216 |   737 |  1109 |  1356 |  1318 |   683 ||  5644
         Punch             |     1 |     4 |     1 |     6 |    77 |   130 |   135 |    60 ||   414
         Kick              |       |       |       |       |       |       |   302 |   120 ||   422
  Throw: Stone             |       |     8 |       |       |       |       |       |       ||     8
         Dart              |       |       |       |     1 |       |       |       |       ||     1
 Invoke: Call Merchant     |       |       |       |       |     3 |       |       |       ||     3
  Evoke: Wand              |       |       |     1 |    35 |    41 |    42 |    23 |     3 ||   145
         Phantom mirror    |       |       |       |     1 |     3 |     2 |       |       ||     6
         Sack of spiders   |       |       |       |       |     3 |     4 |     1 |       ||     8
         Phial of floods   |       |       |       |       |     2 |     1 |     2 |       ||     5
         Lightning rod     |       |       |       |       |    10 |    11 |     9 |     5 ||    35
         Tin of tremorston |       |       |       |       |       |       |     6 |     4 ||    10
    Use: Scroll            |       |     1 |     7 |    11 |    15 |    17 |    12 |     6 ||    69
         Potion            |       |     1 |       |     2 |    10 |    10 |     2 |     4 ||    29
   Stab: Sleeping          |     3 |     3 |       |       |     6 |       |     1 |       ||    13
         Distracted        |       |     1 |     1 |     1 |     4 |       |     3 |       ||    10
         Petrified         |       |       |       |       |     7 |       |       |       ||     7
         Invisible         |       |       |       |       |     2 |       |       |       ||     2
 Armour: Animal skin       |    38 |       |       |       |       |       |       |       ||    38
         Robe              |    12 |    86 |    24 |    78 |   659 |       |       |       ||   859
         Skin              |       |    26 |    71 |   290 |    17 |       |       |       ||   404
         Fire dragon scale |       |       |       |       |   255 |  1568 |  1395 |   810 ||  4028
  Dodge: Dodged            |    39 |    49 |   110 |   442 |   550 |   684 |   685 |   269 ||  2828
  Block: Other             |       |       |    39 |   129 |   134 |       |       |       ||   302
         Reflection        |       |       |     1 |     4 |     6 |       |       |       ||    11
   Form: Flux              |       |       |     1 |     1 |       |       |       |       ||     2
         Beast             |       |       |       |     1 |       |       |       |       ||     1
         Blade             |       |       |       |     1 |     1 |       |       |       ||     2
         Serpent           |       |       |       |       |     1 |       |       |       ||     1
